 Dungeon Crawl Stone Soup version 0.19-a0-1225-gf887c1c (webtiles) character file.

335 Gordan the Skirmisher (level 6, -3/57 HPs)
             Began as a Minotaur Abyssal Knight on Aug 25, 2016.
             Was a Priest of Lugonu.
             Killed by nerve-wracking pain
             ... invoked by an orc priest
              (6 damage)
             ... on level 4 of the Dungeon.
             The game lasted 00:11:35 (2718 turns).

Gordan the Skirmisher (Minotaur Abyssal Knight)     Turns: 2718, Time: 00:11:38

Health: -3/57      AC: 12    Str: 19    XL:     6   Next: 28%
Magic:  6/6        EV:  8    Int:  9    God:    Lugonu [***...]
Gold:   220        SH:  0    Dex:  9    Spells: 0 memorised, 5 levels left

rFire  + . .     SeeInvis .     o - +2 quarterstaff (chaos)
rCold  x . .     Gourm    .     k - +0 chain mail
rNeg   . . .     Faith    .     (shield currently unavailable)
rPois  .         Spirit   .     (helmet restricted)
rElec  .         Dismiss  .     q - +0 cloak
rCorr  +         Reflect  .     (no gloves)
MR     .....     Harm     +     y - +0 pair of boots
Stlth  ..........               m - amulet of harm
                                s - ring of resist corrosion
                                j - ring of fire

@: slowed, very slow
A: retaliatory headbutt, horns 2
a: Depart the Abyss, Bend Space, Banish, Renounce Religion


You were on level 4 of the Dungeon.
You worshipped Lugonu.
Lugonu was most pleased with you.
You were hungry.

You visited 1 branch of the dungeon, and saw 4 of its levels.
You visited the Abyss 1 time.

You collected 220 gold pieces.

Inventory:

Hand Weapons
 a - a +1 hand axe
 b - a +0 war axe
 o - a +2 quarterstaff of chaos (weapon)
 p - a +3 mace
Missiles
 f - 59 arrows
 g - 53 poisoned needles
 r - 4 tomahawks (quivered)
 A - 22 bolts
Armour
 k - a +0 chain mail (worn)
 q - a +0 cloak (worn)
 y - a +0 pair of boots (worn)
Jewellery
 j - a ring of fire (left hand)
 m - an amulet of harm (around neck)
 s - a ring of resist corrosion (right hand)
Wands
 l - a wand of teleportation (6/9)
Scrolls
 d - 2 scrolls of identify
 e - 4 scrolls of remove curse
 h - a scroll of enchant armour {unknown}
 t - a scroll of recharging {unknown}
 v - a scroll of amnesia {unknown}
 x - a scroll of teleportation {unknown}
 z - a scroll of fog {unknown}
Potions
 n - 4 potions of curing
 u - a potion of mutation {unknown}
 w - a potion of brilliance {unknown}
Comestibles
 c - 3 bread rations
 i - 4 slices of pizza


   Skills:
 + Level 5.7 Fighting
 + Level 4.4 Axes
 + Level 4.7 Armour
 + Level 2.3 Dodging
 + Level 0.1 Stealth
 + Level 2.0 Invocations


You had 5 spell levels left.
You didn't know any spells.

Dungeon Overview and Level Annotations

Branches:
Dungeon (4/15)             Temple (0/1) D:4

Altars:
Trog


Innate Abilities, Weirdness & Mutations

You reflexively headbutt those who attack you in melee.
You have a pair of horns on your head.


Message History

The orc priest casts a cantrip, but nothing happens.
The orc wizard hits you but does no damage.
The orc hits the plant with a hand axe.
The orc priest looks braver for a moment.
The orc wizard mumbles some strange words.
The orc wizard blinks!
The orc wizard hits you but does no damage.
The orc wizard points at you and mumbles some strange words.
The magic dart hits you!
* * * LOW HITPOINT WARNING * * *
The orc wizard mumbles some strange words.
The orc wizard blinks!
The orc wizard gestures wildly while chanting.
The orc wizard blinks!
The orc wizard points at you and mumbles some strange words.
The magic dart hits you!
* * * LOW HITPOINT WARNING * * *
The orc priest mumbles some strange prayers to Beogh against you.
Pain shoots through your body!
You die...

#....####......... ########
#................. .......# ...#
#..o.............. .......# ...#
#..§.............. .......+
...####........##'#+####
.......##.....###o......##.#.#
##'##'##......# #o....o.##...#
.#.##.# (.....###.......###..#
##.##.##........@.......# #..#
##.##....#..............# #..#
##.....###..............###..#
######.# ###############)##..# #
#.# #.............#.###># # #.#
#.............#.# #.####
######'###.............#.# #.....
.........#....♣♣♣♣♣....#.#######.
.........#.....(♣......#.......#.


You could see an orc priest, an orc wizard and 2 orcs.

Vanquished Creatures
  Crazy Yiuf (D:2)
  An orc wizard (D:3)
  Terence (D:2)
  Ijyb (D:2)
  Natasha (thrice) (D:3)
  Robin (D:2)
  A gnoll (D:1)
  4 adders
  3 oozes
  A worm (D:2)
  2 dart slugs (D:2)
  3 orcs (D:3)
  9 bats
  4 giant cockroaches
  13 goblins
  11 hobgoblins
  2 quokkas (D:1)
  7 kobolds
  11 rats
79 creatures vanquished.

Notes
Turn   | Place    | Note
-------+----------+-------------------------------------------
     0 | Abyss:1  | Gordan the Minotaur Abyssal Knight began the quest for the Orb.
     0 | Abyss:1  | Reached XP level 1. HP: 19/19 MP: 1/1
    10 | D:1      | Escaped the Abyss
    65 | D:1      | Reached skill level 4 in Fighting
   134 | D:1      | Reached XP level 2. HP: 25/27 MP: 2/2
   245 | D:1      | Reached ** piety under Lugonu
   697 | D:1      | Reached XP level 3. HP: 34/34 MP: 3/3
   776 | D:2      | Noticed Robin
   813 | D:2      | Killed Robin
  1087 | D:2      | Reached XP level 4. HP: 41/41 MP: 4/4
  1165 | D:2      | Reached skill level 5 in Fighting
  1296 | D:2      | Noticed Ijyb
  1305 | D:2      | Killed Ijyb
  1416 | D:2      | Reached XP level 5. HP: 44/48 MP: 5/5
  1498 | D:2      | Found a runed door.
  1502 | D:2      | Noticed Crazy Yiuf
  1509 | D:2      | Killed Crazy Yiuf
  1557 | D:2      | Noticed Terence
  1570 | D:2      | Killed Terence
  1745 | D:3      | Found a bloodstained altar of Trog.
  1769 | D:3      | Reached *** piety under Lugonu
  2036 | D:3      | Noticed Natasha
  2043 | D:3      | Killed Natasha
  2144 | D:3      | Noticed Natasha
  2148 | D:3      | Killed Natasha
  2148 | D:3      | Reached XP level 6. HP: 56/56 MP: 6/6
  2152 | D:3      | Noticed Natasha
  2160 | D:3      | Killed Natasha
  2491 | D:4      | Found a staircase to the Ecumenical Temple.
  2718 | D:4      | Killed from afar by an orc priest

Vault maps used:
D:1:      onia_arrival_larder, minmay_distorted
D:2:      uniq_crazy_yiuf_cottage, uniq_terence, uniq_iyjb, uniq_robin
D:3:      first_bread, st_stairs_3, lemuel_statue_altar, uniq_natasha
D:4:      nicolae_qazlal_general_emergency, serial_bayou_pond_e,
          kennysheep_generic_room_16

Skill      XL: |  1  2  3  4  5 |
---------------+----------------+-----
Fighting       | 4 5 |  5.7
Invocations    | 2 |  2.0
Axes           | 3 4 |  4.4
Armour         | 3 4 |  4.7
Dodging        | 2 |  2.3
Stealth        | |  0.1

Action                   |  1- 3 |  4- 6 || total
-------------------------+-------+-------++-------
Melee: Hand axe          |    74 |    55 ||   129
       Headbutt          |    13 |    18 ||    31
       Quarterstaff      |       |    56 ||    56
  Use: Potion            |     1 |       ||     1
       Scroll            |       |     3 ||     3
  Eat: Chunk             |     1 |     4 ||     5
Armor: Leather armour    |    16 |       ||    16
       Chain mail        |    20 |    79 ||    99
Dodge: Dodged            |    52 |    47 ||    99
